 Dungeon Crawl Stone Soup version 0.28-a0-1395-g4f6bc678fa (webtiles) character file.

Game seed: 6620634970692916990

5023 Deminshera the Covert (level 10, 0/59 HPs)
             Began as a Vine Stalker Brigand on Jan 4, 2022.
             Was a Believer of Uskayaw.
             Succumbed to a hornet's poison
             ... on level 8 of the Dungeon.
             The game lasted 00:11:36 (10093 turns).

Deminshera the Covert (Vine Stalker Brigand)       Turns: 10093, Time: 00:11:36

Health: 0/59       AC:  6    Str: 18    XL:     10   Next: 55%
Magic:  4/11       EV: 14    Int: 11    God:    Uskayaw [**....]
Gold:   441        SH:  0    Dex: 16    Spells: 9/9 levels left

rFire   . . .      SeeInvis +   a - +1 dagger (elec)
rCold   + . .      Faith    .   (no shield)
rNeg    . . .      Spirit   +   D - +2 robe {rC+}
rPois   .          Reflect  .   (no helmet)
rElec   .          Harm     .   c - +0 cloak
rCorr   .          Rampage  .   h - +0 pair of gloves
Will    +....                   (no boots)
Stlth   ++++......              (no amulet)
HPRegen 0.99/turn               g - ring of flight
MPRegen 0.12/turn               q - ring of see invisible

@: lethally poisoned (0 -> -8), flying, slowed, very slow
A: fangs 3, regeneration 1, magic shield, antimagic bite, no potion heal 2
a: Renounce Religion, Stomp, Line Pass


You were on level 8 of the Dungeon.
You worshipped Uskayaw.
Uskayaw was noncommittal.
You visited 2 branches of the dungeon, and saw 9 of its levels.
You also visited: Sewer.

You collected 441 gold pieces.

Inventory:

Hand Weapons
 a - a +1 dagger of electrocution (weapon)
 b - the +10 hunting sling of Articulation {venom, *Slow rPois MP+9 Dex+3}
   (You found it on level 5 of the Dungeon)

   Any ammunition fired from it poisons the flesh of those it strikes.
   Dex:       It affects your dexterity (+3).
   rPois:     It protects you from poison.
   MP:        It affects your magic capacity (+9).
   *Slow:     It may slow you when you take damage.
Missiles
 d - 46 poisoned darts (quivered)
 e - 2 curare-tipped darts
 r - 2 throwing nets
 u - 5 atropa-tipped darts
 w - 190 stones
Armour
 c - a +0 cloak (worn)
 h - a +0 pair of gloves (worn)
 D - a +2 robe of cold resistance (worn)
Jewellery
 g - a ring of flight (left hand)
 q - a ring of see invisible (right hand)
 C - a ring of fire
Wands
 z - a wand of mindburst (16)
Scrolls
 f - 3 scrolls of fog {unknown}
 i - a scroll of immolation
 m - 2 scrolls of teleportation {unknown}
 n - 7 scrolls of identify
 o - 2 scrolls of blinking
 s - a scroll of acquirement {unknown}
 t - a scroll of enchant armour {unknown}
 v - 2 scrolls of noise {unknown}
 x - a scroll of magic mapping {unknown}
 y - a scroll of vulnerability {unknown}
 A - a scroll of torment {unknown}
Potions
 j - 2 potions of brilliance {unknown}
 k - 2 potions of degeneration {unknown}
 l - 3 potions of curing {unknown}
 p - 2 potions of lignification {unknown}
 B - a potion of invisibility {unknown}


   Skills:
 - Level 10.0 Fighting
 - Level 4.0 Short Blades
 + Level 4.0(4.3) Slings
 + Level 2.3(3.5) Throwing
 - Level 5.0 Dodging
 - Level 10.0 Stealth


You had 9 spell levels left.
You didn't know any spells.
Your spell library contained the following spells:

 Spells                   Type           Power      Damage    Failure   Level
 Passwall                 Tmut/Erth      0%         N/A       47%         2
 Call Canine Familiar     Summ           0%         N/A       71%         3
 Ignite Poison            Fire/Tmut/Pois 0%         N/A       71%         3
 Mephitic Cloud           Conj/Pois/Air  0%         N/A       71%         3
 Portal Projectile        Hex/Tloc       0%         N/A       71%         3
 Swiftness                Air            0%         N/A       71%         3
 Leda's Liquefaction      Hex/Erth       0%         N/A       98%         4
 Sticky Flame             Conj/Fire      0%         2d3       98%         4
 Blade Hands              Tmut           0%         N/A       100%        5
 Excruciating Wounds      Necr           0%         N/A       100%        5
 Freezing Cloud           Conj/Ice/Air   0%         6-21      100%        5
 Ignition                 Fire           0%         3d3       100%        8


Dungeon Overview and Level Annotations

Branches:
Dungeon (8/15)             Temple (1/1) D:6           Sewer (visited)
   Lair: D:8-11

Altars:
Cheibriados
Dithmenos
Elyvilon
Fedhas
Gozag
Hepliaklqana
Kikubaaqudgha
Okawaru
Qazlal
Ru
Trog
Uskayaw
Vehumet
Xom
Zin
The Shining One

Shops:
D:2 *   D:6 [


Innate Abilities, Weirdness & Mutations

You have razor-sharp teeth.
Your natural rate of healing is unusually fast.
When hurt, damage is shared between your health and your magic reserves.
Your bite disrupts and absorbs the magic of your enemies.
Potions cannot restore your health.


Message History

You feel as though you will be slow longer.
The hornet barely misses you.
You closely miss the hornet. You bite the hornet! You drain its power.
The hornet is heavily wounded.
You feel sick. The hornet stings you.
You feel as though you will be slow longer.
The hornet stings you.
You feel as though you will be slow longer.
You can now pass through a line of other dancers.
You miss the hornet.
The hornet is heavily wounded.
You feel sick. The hornet barely misses you. The hornet closely misses you.
You hit the hornet but do no damage. Lightning courses through the hornet!
Your bite misses the hornet.
The hornet is almost dead.
You feel sick.
The hornet stings you but does no damage.
You hit the hornet but do no damage. You bite the hornet. You drain its power.
You feel invigorated.
The hornet is almost dead.
You feel sick. The hornet stings you.
You feel as though you will be slow longer.
The hornet stings you!
You are more poisoned.
You suddenly lose the ability to move!
You feel very sick.
The hornet stings you but does no damage.
The hornet stings you!
* * * LOW HITPOINT WARNING * * *
You are lethally poisoned!
You feel as though you will be slow longer.
You can move again.
You hit the hornet but do no damage. Lightning courses through the hornet!
You kill the hornet!
* * * LOW HITPOINT WARNING * * *
You feel very sick.
Your life force feels restored.
Your Slings skill increases to level 4!
Your base Throwing skill increases to level 2!
You die...

#.......# #.......#
#.......# #.......#
#.......###
#....>.....
###.......#
#######...@.....#
#.........###......
#.........# #####
#......####
#......# #......##
#.......# #.......#
####.##.#


There were no monsters in sight!

Vanquished Creatures
  Pikel (D:6)
  A hornet (D:8)
  6 humans (D:7)
  A water moccasin (D:7)
  Duvessa (D:7)
  An ice beast (D:5)
  A hornet zombie (D:6)
  A necrophage (D:5)
  An ogre (D:5)
  3 centaurs
  3 lemures (D:6)
  3 bullfrogs
  2 kobold brigands (D:7)
  2 gnoll sergeants
  4 scorpions
  2 water moccasin zombies (D:5)
  Dowan (D:7)
  3 howler monkeys
  12 wights (D:8)
  4 crimson imps (D:5)
  A centaur zombie (D:8)
  2 jellies (D:6)
  2 bullfrog zombies
  A gnoll shaman (D:6)
  5 hounds
  An orc priest (D:8)
  2 scorpion zombies (D:5)
  6 iguanas
  An orc wizard (D:8)
  A hound zombie (D:5)
  A hound skeleton (D:5)
  A howler monkey zombie (D:5)
  11 gnolls
  20 adders
  A river rat (D:3)
  2 white imps
  4 ufetubi
  2 worms (D:3)
  4 dart slugs (D:1)
  8 orcs
  17 ball pythons
  17 endoplasms
  15 giant cockroaches
  10 goblins
  4 hobgoblins
  4 jackals (D:1)
  9 quokkas
  7 bats
  7 frilled lizards
  21 kobolds
  5 rats
245 creatures vanquished.

Notes
Turn   | Place    | Note
-------+----------+-------------------------------------------
     0 | D:1      | Deminshera the Vine Stalker Brigand began the quest for the
                  | Orb.
     0 | D:1      | Reached XP level 1. HP: 11/11 MP: 2/2
    76 | D:1      | Found a faded altar of an unknown god.
    83 | D:1      | Reached skill level 1 in Dodging
   108 | D:1      | Reached skill level 5 in Stealth
   108 | D:1      | Reached XP level 2. HP: 15/15 MP: 3/3
   323 | D:1      | Reached XP level 3. HP: 10/18 MP: 4/4
  1145 | D:2      | Gained mutation: Your natural rate of healing is unusually
                  | fast. [Vine Stalker growth]
  1145 | D:2      | Reached XP level 4. HP: 17/23 MP: 2/5
  1275 | D:2      | Found Gar Kouc's Assorted Antiques.
  1276 | D:2      | Got Cerebov's Papyrus of Fire
  1833 | D:3      | Found a radiant altar of Vehumet.
  2324 | D:3      | Found a glowing drain.
  2334 | Sewer    | Entered a sewer
  2374 | Sewer    | Reached XP level 5. HP: 20/27 MP: 6/6
  2992 | Sewer    | Reached XP level 6. HP: 31/32 MP: 5/7
  4083 | D:4      | Reached XP level 7. HP: 31/37 MP: 5/8
  4106 | D:4      | Found an opulent altar of Gozag.
  4555 | D:4      | Found a hazy altar of Hepliaklqana.
  5025 | D:5      | Entered Level 5 of the Dungeon
  5306 | D:5      | Reached skill level 5 in Fighting
  5479 | D:5      | Identified the +10 hunting sling of Articulation {venom,
                  | *Slow rPois MP+9 Dex+3}
  6140 | D:5      | Found a shadowy altar of Dithmenos.
  6156 | D:5      | Gained mutation: You have razor-sharp teeth. [Vine Stalker
                  | growth]
  6156 | D:5      | Reached XP level 8. HP: 27/42 MP: 5/9
  6466 | D:5      | Found a shimmering altar of Xom.
  6724 | D:5      | Reached skill level 1 in Slings
  6968 | D:5      | Found the +5 robe of Misfortune {Harm *Corrode *Slow EV+5}
  7208 | D:6      | Reached XP level 9. HP: 39/50 MP: 10/10
  7534 | D:6      | Found Ecean's Armour Emporium.
  7858 | D:6      | Found a staircase to the Ecumenical Temple.
  8442 | D:6      | Noticed Pikel
  8534 | D:6      | Killed Pikel
  8676 | Temple   | Entered the Ecumenical Temple
  8873 | Temple   | Became a worshipper of Uskayaw the Reveller
  8919 | D:7      | Reached * piety under Uskayaw
  8926 | D:7      | Reached ** piety under Uskayaw
  8935 | D:7      | Reached *** piety under Uskayaw
  9030 | D:7      | Reached XP level 10. HP: 58/58 MP: 11/11
  9059 | D:7      | Reached skill level 10 in Stealth
  9087 | D:7      | Noticed Duvessa
  9092 | D:7      | Killed Duvessa
  9107 | D:7      | Noticed Dowan
  9112 | D:7      | Killed Dowan
  9854 | D:8      | Reached skill level 10 in Fighting
  9855 | D:8      | Reached **** piety under Uskayaw
  9964 | D:8      | Reached skill level 5 in Dodging
 10090 | D:8      | Paralysed by a hornet for 2 turns
 10093 | D:8      | Succumbed to a hornet's poison

Illustrated notes

Levels and vault maps discovered:
D:1:      lemuel_arrival_tunnels, layout_rooms,
          hellmonk_ecumenical_altar_run_dry
D:2:      layout_loops_ring, serial_shops, shop
D:3:      layout_basic, vehumet_crystals, portal_sewer_entry_b, corexii_shack,
          corexii_corridor_pit, minmay_cut_off
D:4:      layout_layer_cave, general_overflow_altar, overflow_temple_1_default,
          st_stairs_5
D:5:      minmay_octagon_keep, layout_loops_ring, led_xom_imps,
          mainiacjoe_overflow_surrounded_room
D:6:      layout_gridville, minmay_temple_entry_mist, serial_shops,
          nicolae_diamond_shop, uniq_pikel
D:7:      layout_rooms, minmay_ruffians, uniq_duvessa
D:8:      layout_basic, lemuel_blue_sif_altar
Temple:   grunt_temple_mini_profane

Skill      XL: |  1  2  3  4  5  6  7  8  9 10 |
---------------+-------------------------------+-----
Dodging        | 1 2 3 5 |  5.0
Fighting       | 2 3 6 7 9 10 | 10.0
Short Blades   | 2 3 4 |  4.0
Stealth        | 5 6 7 9 10 | 10.0
Slings         | 3 4 |  4.0
Throwing       | 2 |  2.3

Action                   |  1- 3 |  4- 6 |  7- 9 | 10-12 || total
-------------------------+-------+-------+-------+-------++-------
Melee: Dagger            |    87 |   376 |   104 |    51 ||   618
       Bite              |    33 |    74 |    30 |    18 ||   155
 Fire: Hunting sling     |       |       |   227 |    74 ||   301
  Use: Scroll            |       |     1 |       |       ||     1
 Stab: Sleeping          |     9 |    12 |     4 |     1 ||    26
       Distracted        |       |     1 |       |       ||     1
       Paralysed         |       |       |       |     1 ||     1
Armor: Robe              |    18 |   106 |    10 |    10 ||   144
       Leather armour    |       |       |    23 |       ||    23
Dodge: Dodged            |    59 |   265 |   108 |    40 ||   472

Table legend: (Time is in decaauts)
 A = Elapsed time spent in this place.
 B = Non-inter-level travel time spent in this place.
 C = Inter-level travel time spent in this place.
 D = Time resting spent in this place.
 E = Time spent auto-exploring this place.
 F = Levels seen in this place.
 G = Mean time per level.
                   A        B        C        D        E       F      G
               +--------+--------+--------+--------+--------+-----+--------+
         Total |  10089 |   9198 |    891 |   1926 |   5442 |  10 | 1008.9 |
       Dungeon |   9022 |   8177 |    845 |   1628 |   5051 |   8 | 1127.8 |
        Temple |    221 |    175 |     46 |      0 |    173 |   1 |  221.0 |
         Sewer |    845 |    845 |      0 |    298 |    218 |   1 |  845.0 |
               +--------+--------+--------+--------+--------+-----+--------+

Top non-repeatable levels by time:
     D:5: 1737 daAuts
     D:4: 1563 daAuts
     D:6: 1507 daAuts
     D:1: 1140 daAuts
     D:3: 1077 daAuts
   Sewer: 845 daAuts
     D:2: 830 daAuts
     D:7: 661 daAuts
     D:8: 505 daAuts
  Temple: 221 daAuts
